AoeStats
← lorenzo021

Oasis

508950572Analyzed
4v4 RM · 7d ago on Sep 24, 2026· 46m 34s· 8 players
Game mode
Random Map
Map size
Large (8 player)
Population
200
Speed
Normal
Resources
Standard
Victory
Conquest
Starting age
Dark Age
Ending age
Imperial Age
RankedLock teamsTeams togetherTeam positionsShared explorationLock speedFull tech treeHidden civsTurbo modeCheats
Victory
Defeat
🇦🇷 Danes · Argentina
1123
+11
🇦🇷 Varangians · Argentina
1113
+12
🇦🇷 Teutons · Argentina
1061
+14
🇦🇷 Japanese · Argentina
975
+17
🇬🇧 Varangians · United Kingdom
1048
-15
🇮🇹 Vikings · Italy
1041
-15
🇮🇹 Saracens · Italy
1000
-13
🇮🇹 Turks · Italy
949
-11
Hasper
10:40 Feudal Age
14:17 Castle Age
13:17 Loom
13:19 Double-Bit Axe
13:15 Horse Collar
22:49 Squires
23:04 Scale Mail Armor
25:52 Forging
29:43 Heavy Plow
29:33 Gold Mining
30:32 Town Watch
31:23 Wheelbarrow
32:32 Chain Mail Armor
33:51 Bow Saw
34:20 Iron Casting
34:08 Hamask
36:00 Arson
36:46 Hand Cart
39:13 Imperial Age
38:50 Gold Shaft Mining
39:28 Capped Ram
40:36 Conscription
39:39 Elite Varangian Guard
41:18 Pikeman
43:28 Siege Ram
46:59 Plate Mail Armor
BuenaOnda
11:10 Feudal Age
15:40 Castle Age
14:06 Double-Bit Axe
14:54 Loom
21:14 Horse Collar
25:35 Heavy Plow
27:31 Scale Mail Armor
30:04 Gold Mining
33:53 Imperial Age
33:28 Chain Mail Armor
34:21 Wheelbarrow
34:06 Bow Saw
34:15 Elite Teutonic Knight
35:16 Conscription
34:57 Elite Skirmisher
36:17 Ballistics
35:51 Fletching
36:35 Bodkin Arrow
36:40 Padded Archer Armor
38:23 Leather Archer Armor
38:35 Hand Cart
40:45 Two-Man Saw
40:57 Heavy Mounted Crossbowman
44:51 Ring Archer Armor
44:26 Scale Barding Armor
44:33 Forging
44:53 Plate Mail Armor
47:17 Bloodlines
46:28 Cavalier
SINAPODO
6:20 Loom
10:20 Feudal Age
12:52 Bloodlines
13:59 Scale Barding Armor
14:57 Forging
16:00 Double-Bit Axe
23:29 Castle Age
22:22 Horse Collar
24:38 Husbandry
25:58 Chain Barding Armor
28:25 Bow Saw
33:41 Wheelbarrow
32:52 Town Watch
34:43 Heavy Plow
35:55 Hand Cart
35:41 Town Patrol
39:21 Gold Mining
40:10 Iron Casting
42:31 Imperial Age
42:51 Elite Jarl
44:55 Plate Barding Armor
45:20 Blast Furnace
Araco33
5:53 Loom
12:01 Feudal Age
24:01 Castle Age
22:36 Double-Bit Axe
23:27 Fletching
25:28 Stone Mining
25:27 Elite Skirmisher
27:44 Bodkin Arrow
29:02 Wheelbarrow
30:12 Thumb Ring
30:42 Town Watch
33:12 Bow Saw
35:23 Scale Mail Armor
36:49 Forging
39:52 Gold Mining
41:03 Hand Cart
41:13 Hand Cart
42:38 Town Patrol
44:26 Gold Shaft Mining
47:17 Imperial Age
45:46 Chain Mail Armor
47:12 Iron Casting
Aevyan
9:01 Loom
11:53 Feudal Age
17:06 Castle Age
16:14 Stone Mining
16:16 Gold Mining
19:04 Fervor
32:23 Imperial Age
44:56 Conscription
Djene
5:35 Loom
12:14 Feudal Age
13:25 Horse Collar
17:54 Gold Mining
17:52 Double-Bit Axe
24:07 Castle Age
26:19 Fletching
27:04 Crossbowman
29:14 Man-at-Arms
33:02 Bodkin Arrow
FreakinFlavio
1:24 Loom
13:21 Feudal Age
18:41 Castle Age
16:49 Double-Bit Axe
17:02 Horse Collar
18:31 Stone Mining
20:02 Gold Mining
21:53 Fletching
24:53 Squires
24:39 Gambesons
27:13 Wheelbarrow
26:27 Town Watch
29:17 Bow Saw
29:11 Heavy Plow
29:50 Scale Mail Armor
32:01 Arson
31:36 Pikeman
35:14 Forging
35:30 Chain Mail Armor
lorenzo021
8:07 Loom
10:51 Feudal Age
15:10 Castle Age
13:20 Double-Bit Axe
13:39 Horse Collar
16:22 Bow Saw
17:00 Wheelbarrow
23:44 Bloodlines
24:08 Husbandry
24:28 Forging
25:40 Scale Barding Armor
28:52 Man-at-Arms
30:16 Iron Casting
29:42 Scale Mail Armor
30:31 Hand Cart
29:56 Long Swordsman
32:10 Squires
35:43 Chain Mail Armor
36:31 Gold Mining
37:41 Chain Barding Armor
38:04 Heavy Plow
37:59 Fletching
Connection lost

Rejoining the realm…

Still unreachable

The connection could not be restored.

Session expired

The server has moved on; the page needs a fresh start.